 Dungeon Crawl Stone Soup version 0.24-a0-809-g71cb82dfb8 (webtiles) character file.

Game seed: 14876494743540764845, levelgen mode: deterministic

231 Ijustatesigmund the Conjurer (level 5, -1/32 HPs)
             Began as a Deep Elf Conjurer on Oct 11, 2019.
             Slain by an orc priest
             ... wielding a +0 club
              (2 damage)
             ... on level 2 of the Dungeon.
             The game lasted 00:11:48 (3333 turns).

Ijustatesigmund the Conjurer (Deep Elf Conjurer)    Turns: 3333, Time: 00:11:48

Health: -1/32      AC:  4    Str:  5    XL:     5   Next: 73%
Magic:  6/11       EV: 13    Int: 20    God:
Gold:   163        SH:  0    Dex: 14    Spells: 0/10 levels left

rFire    . . .     SeeInvis .   g - +0 halberd (venom)
rCold    . . .     Gourm    .   (shield currently unavailable)
rNeg     . . .     Faith    .   a - +0 robe
rPois    .         Spirit   .   (helmet restricted)
rElec    .         Reflect  .   (no cloak)
rCorr    .         Harm     .   f - +0 pair of gloves
MR       .....     Rnd*Tele +   (no boots)
Stlth    ++........             (no amulet)
HPRegen  0.10/turn              i - ring of teleportation (curse)
MPRegen  0.12/turn              (no ring)

@: no status effects
A: horns 1, clumsy 1, shaggy fur 1, evolution 1
a: no special abilities


You were on level 2 of the Dungeon.
You were not hungry.

You visited 1 branch of the dungeon, and saw 3 of its levels.

You collected 163 gold pieces.

Inventory:

Hand Weapons
 g - a +0 halberd of venom (weapon)
Missiles
 e - 3 javelins
 j - 5 poisoned darts (quivered)
Armour
 a - a +0 robe (worn)
 f - a +0 pair of gloves (worn)
Jewellery
 i - a cursed ring of teleportation (left hand)
Scrolls
 k - 2 scrolls of identify
Potions
 b - a potion of lignification
 l - a potion of brilliance
 n - 2 potions of cancellation
Comestibles
 c - 4 rations
 d - 4 chunks of flesh


   Skills:
 - Level 3.1 Fighting
 + Level 0.3 Polearms
 - Level 2.4 Dodging
 - Level 2.4 Stealth
 - Level 3.0 Spellcasting
 + Level 5.3 Conjurations
 + Level 3.3 Hexes


You couldn't memorise any spells.
You knew the following spells:

 Your Spells              Type           Power        Failure   Level  Hunger
a - Magic Dart            Conj           ###.         1%          1    None
b - Searing Ray           Conj           ###...       2%          2    ##.....
c - Dazzling Spray        Conj/Hex       ###...       7%          3    ###....
d - Iskenderun's Mystic   Conj           ###.....     16%         4    ####...

Your spell library contained the following spells:

 Spells                   Type           Power        Failure   Level  Hunger
 Fulminant Prism          Conj/Hex       ###.......   24%         4    ####...
 Force Lance              Conj/Tloc      ##......     43%         4    ####...


Dungeon Overview and Level Annotations

Branches:
Dungeon (3/15)

Altars:
Fedhas
Nemelex Xobeh
Wu Jian


Innate Abilities, Weirdness & Mutations

You have a pair of small horns on your head.
You are clumsy. (Dex -2)
You are covered in fur. (AC +1)
You evolve.


Message History

The orc priest mumbles some strange prayers to Beogh against you.
Beogh smites you!
The searing ray hits something.
Something hits you.
The searing ray hits the orc priest.
The orc priest is lightly wounded.
Something hits you but does no damage.
The orc priest calls down the wrath of Beogh upon you.
Beogh smites you!
* * * LOW HITPOINT WARNING * * *
The searing ray hits something!
Reactivating autopickup.
You feel a bit more experienced.
The searing ray hits the orc priest!
The orc priest is severely wounded.
You finish channeling your searing ray.
You feel better. The orc priest hits you with a +0 club.
* * * LOW HITPOINT WARNING * * *
You hit the orc priest.
The orc priest is poisoned.
The orc priest is severely wounded.
The orc priest hits you with a +0 club.
You die...

......# #.# #######..# #..
#####.# #.###........# #.#
......# #.#.....###..# #.#
#####.# #.#.....# #..# #.#
.## #.# #.......# #..####.#
..# #.# ###....[###.....g.o
.## #.# #.....##......... ##
#.# ##########.###....####.#
# #.####......@o...(.....#
#...
#####......########.###....#
#.#. ...##.###### #.# ##(#.#
#... ##.##.# #.####(#.# ##.#
#.##.# #........####.#
#.##.# #..........>..#
#.##.# #.####........#
#.##.# ##.......#####.#
#.##.# ##...####.# #.#


You could see an orc priest.

Vanquished Creatures
  Terence (D:2)
  An orc wizard (D:2)
  6 gnolls
  5 adders
  4 dart slugs
  A leopard gecko (D:3)
  7 orcs
  2 ball pythons
  5 giant cockroaches
  4 goblins
  8 hobgoblins
  6 kobolds
  2 quokkas
  4 bats
  5 frilled lizards
  7 rats
68 creatures vanquished.

Vanquished Creatures (others)
  A plant (D:3)
1 creature vanquished.

Grand Total: 69 creatures vanquished

Notes
Turn   | Place    | Note
-------+----------+-------------------------------------------
     0 | D:1      | Ijustatesigmund the Deep Elf Conjurer began the quest for
                  | the Orb.
     0 | D:1      | Reached XP level 1. HP: 10/10 MP: 6/6
   103 | D:1      | Reached skill level 1 in Fighting
   225 | D:1      | Reached XP level 2. HP: 16/16 MP: 4/8
   298 | D:1      | Gained mutation: You are clumsy. (Dex -2) [potion of
                  | mutation]
   298 | D:1      | Gained mutation: You evolve. [potion of mutation]
   658 | D:1      | Learned a level 2 spell: Searing Ray
   774 | D:1      | Gained mutation: You have a pair of small horns on your
                  | head. [evolution]
   834 | D:2      | Reached XP level 3. HP: 22/22 MP: 4/9
   894 | D:2      | Found a sparkling altar of Nemelex Xobeh.
  1129 | D:2      | Found an ornate altar of the Wu Jian Council.
  1272 | D:2      | Noticed Terence
  1281 | D:2      | Killed Terence
  1281 | D:2      | Reached XP level 4. HP: 19/28 MP: 0/10
  1367 | D:2      | Learned a level 3 spell: Dazzling Spray
  1727 | D:2      | Reached skill level 1 in Hexes
  1990 | D:2      | Gained mutation: You are covered in fur. (AC +1)
                  | [evolution]
  2345 | D:3      | Noticed a phantom
  2395 | D:3      | Reached XP level 5. HP: 20/32 MP: 2/11
  2753 | D:3      | Reached skill level 5 in Conjurations
  2802 | D:3      | Found a blossoming altar of Fedhas.
  3287 | D:2      | Learned a level 4 spell: Iskenderun's Mystic Blast
  3330 | D:2      | HP: 1/32 [orc priest/divine providence (10)]
  3333 | D:2      | Slain by an orc priest

Levels and vault maps discovered:
D:1:      dpeg_arrival_leaves_temple_mockup, layout_rooms
D:2:      layout_loops_ring, lemuel_crystal_altar, lemuel_crystal_altar,
          first_ration, uniq_terence
D:3:      layout_basic, grunt_temple_overflow_growth_and_decay

Skill      XL: |  1  2  3  4  5 |
---------------+----------------+-----
Fighting       | 1 2 3 |  3.1
Hexes          | 2 3 |  3.3
Conjurations   | 5 |  5.3
Polearms       | |  0.3
Dodging        | |  2.4
Stealth        | |  2.4
Spellcasting   | |  3.0

Action                   |  1- 3 |  4- 6 || total
-------------------------+-------+-------++-------
Melee: Spear             |    18 |     9 ||    27
       Headbutt          |     2 |     3 ||     5
       Morningstar       |       |    11 ||    11
       Halberd           |       |     6 ||     6
Throw: Dart              |     3 |    15 ||    18
 Cast: Magic Dart        |    55 |    15 ||    70
       Searing Ray       |     1 |    15 ||    16
  Use: Scroll            |     6 |     3 ||     9
       Potion            |     2 |     3 ||     5
 Stab: Sleeping          |     1 |     1 ||     2
  Eat: Chunk             |       |     3 ||     3
       Ration            |       |     2 ||     2
Armor: Robe              |     5 |    20 ||    25
Dodge: Dodged            |    15 |    64 ||    79

Table legend:
 A = Non-vault XP
 B = Vault XP
 C = Vault XP percentage of total XP
 D = Non-vault monster count
 E = Vault monster count
 F = Vault count percentage of total count
                 A         B        C        D         E       F
            +---------+---------+-------+---------+---------+-------
      Total |     295 |      36 |  10.9 |      67 |       1 |   1.5
            +---------+---------+-------+---------+---------+-------
        D:1 |      36 |       0 |   0.0 |      19 |       0 |   0.0
        D:2 |     169 |      36 |  17.6 |      29 |       1 |   3.3
        D:3 |      90 |       0 |   0.0 |      19 |       0 |   0.0
            +---------+---------+-------+---------+---------+-------
